AoeStats
← jphilkill

African Clearing

506647163Analyzed
4v4 RM · 19d ago on Sep 14, 2026· 63m 51s· 8 players
Game mode
Random Map
Map size
Large (8 player)
Population
200
Speed
Normal
Resources
Standard
Victory
Conquest
Starting age
Dark Age
Ending age
Imperial Age
RankedLock teamsTeams togetherTeam positionsShared explorationLock speedFull tech treeHidden civsTurbo modeCheats
Victory
Defeat
🇨🇳 Koreans · China
1002
+14
🇮🇳 Burgundians · India
978
+15
🇮🇳 Khitans · India
965
+15
🇮🇳 Bulgarians · India
953
+15
🇩🇪 Huns · Germany
981
-16
🇩🇪 Franks · Germany
956
-15
🇨🇳 Malians · China
938
-14
🇨🇳 Wei · China
938
-14
King Feet
4:00 Loom
16:13 Feudal Age
20:23 Castle Age
18:52 Double-Bit Axe
19:02 Gold Mining
19:30 Scale Barding Armor
19:36 Forging
22:11 Husbandry
25:26 Pikeman
26:07 Squires
28:53 Scale Mail Armor
29:29 Iron Casting
29:40 Wheelbarrow
33:03 Chain Mail Armor
33:44 Hand Cart
34:28 Town Watch
35:51 Domestication
38:06 Town Patrol
43:25 Imperial Age
44:14 Elite Steppe Lancer
45:52 Stone Mining
47:06 Plate Mail Armor
46:58 Chain Barding Armor
47:18 Heavy Camel Rider
58:21 Gambesons
57:56 Man-at-Arms
58:21 Arson
57:57 Elite Fire Lancer
58:42 Pastoralism
58:55 Bow Saw
59:23 Plate Barding Armor
58:49 Padded Archer Armor
58:39 Fletching
60:53 Spies/Treason
ExxTACSY
7:11 Loom
17:23 Feudal Age
18:18 Arson
20:58 Scale Mail Armor
21:57 Forging
28:26 Castle Age
26:29 Horse Collar
28:58 Gambesons
29:14 Squires
29:53 Iron Casting
39:54 Double-Bit Axe
42:44 Wheelbarrow
42:25 Bow Saw
44:54 Chain Mail Armor
44:53 Stone Mining
47:31 Gold Mining
48:01 Padded Archer Armor
47:51 Fletching
50:21 Ballistics
51:27 Leather Archer Armor
51:08 Bodkin Arrow
54:36 Imperial Age
52:58 Careening
55:33 Heavy Scorpion
57:16 Chemistry
56:12 Murder Holes
60:17 Bracer
61:17 Blast Furnace
60:32 Siege Engineers
Ninja-Rio
16:42 Feudal Age
22:36 Castle Age
20:57 Double-Bit Axe
20:52 Horse Collar
21:05 Gold Mining
21:06 Stone Mining
22:42 Cavalier
23:23 Husbandry
25:03 Forging
29:17 Squires
35:03 Scale Barding Armor
34:29 Pikeman
34:56 Arson
43:52 Imperial Age
44:28 Halberdier
49:43 Burgundian Vineyards
50:53 Paladin
52:32 Man-at-Arms
53:31 Long Swordsman
54:20 Two-Handed Swordsman
60:27 Champion
wuuua
14:55 Feudal Age
18:46 Castle Age
17:34 Double-Bit Axe
18:42 Horse Collar
20:23 Bow Saw
21:03 Bow Saw
21:57 Heavy Plow
21:57 Stone Mining
25:24 Town Watch
27:31 Scale Mail Armor
27:22 Pikeman
28:48 Squires
29:37 Chain Mail Armor
29:35 Forging
30:22 Wheelbarrow
29:45 Arson
29:51 Loom
31:47 Chain Mail Armor
35:59 Imperial Age
34:09 Gold Mining
34:56 Iron Casting
34:13 Fletching
34:41 Hand Cart
36:55 Fortified Wall
36:20 Halberdier
38:02 Ballistics
38:45 Chemistry
38:30 Gold Shaft Mining
39:37 Two-Man Saw
39:48 Conscription
40:36 Plate Mail Armor
41:54 Elite War Wagon
43:18 Bodkin Arrow
46:02 Bracer
58:38 Ballistics
57:59 Treadmill Crane
58:25 Siege Engineers
素
15:44 Loom
17:38 Feudal Age
21:48 Gold Mining
21:49 Double-Bit Axe
36:14 Castle Age
34:33 Horse Collar
43:02 Gold Mining
45:29 Gold Shaft Mining
46:06 Bow Saw
48:42 Wheelbarrow
48:16 Thumb Ring
48:08 Fletching
48:19 Padded Archer Armor
48:34 Bloodlines
48:24 Husbandry
52:26 Imperial Age
50:03 Bodkin Arrow
54:05 Imperial Age
55:07 Stone Mining
55:58 Scale Barding Armor
56:06 Forging
57:24 Chain Barding Armor
59:49 Iron Casting
Destiny
7:18 Loom
17:55 Feudal Age
23:56 Castle Age
22:51 Scale Barding Armor
23:41 Forging
25:27 Double-Bit Axe
31:57 Wheelbarrow
32:24 Iron Casting
32:52 Chain Barding Armor
39:37 Imperial Age
37:48 Husbandry
38:58 Town Watch
41:21 Conscription
41:05 Scale Mail Armor
42:06 Blast Furnace
40:59 Fletching
43:10 #83
43:12 Elite Throwing Axeman
49:12 Chain Mail Armor
48:55 Bodkin Arrow
巅峰繁唐
6:34 Loom
16:16 Feudal Age
16:30 Man-at-Arms
17:25 Double-Bit Axe
17:41 Fishing Lines
19:27 Wheelbarrow
20:04 Forging
19:55 Scale Mail Armor
23:57 Loom
27:41 Castle Age
28:39 Hand Cart
28:39 Gold Mining
29:23 Long Swordsman
29:23 Pikeman
30:04 Squires
30:44 Chain Mail Armor
31:05 Iron Casting
31:21 Bow Saw
31:18 Arson
33:55 Gillnets
42:34 Imperial Age
42:14 Bloodlines
42:05 Husbandry
41:25 Light Cavalry
43:01 Tigui
42:38 Elite Gbeto
43:42 Conscription
45:11 Chemistry
44:22 Masonry
44:41 Horse Collar
45:25 Farimba
45:40 Scale Barding Armor
48:13 Heavy Camel Rider
51:49 Chain Barding Armor
52:25 Architecture
jphilkill
4:30 Loom
17:37 Feudal Age
18:35 Horse Collar
18:48 Gold Mining
18:47 Double-Bit Axe
22:49 Castle Age
29:14 Wheelbarrow
29:59 Bow Saw
34:03 Stone Mining
34:49 Pikeman
35:35 Heavy Plow
44:03 Gold Shaft Mining
48:16 Imperial Age
48:16 Forging
48:12 Scale Barding Armor
48:31 Hand Cart
49:28 Conscription
48:31 Cavalier
50:25 Squires
50:41 Halberdier
52:14 Scale Mail Armor
52:50 Iron Casting
52:06 Fletching
52:17 Padded Archer Armor
Connection lost

Rejoining the realm…

Still unreachable

The connection could not be restored.

Session expired

The server has moved on; the page needs a fresh start.